 Dungeon Crawl Stone Soup version bcrawl-1.12-11-gb93c957c58 (console) character file.

Game seed: 10985961373879186799

185 Lexodia the Ducker (level 5, -1/45 HPs)
             Began as a Centaur Archaeologist on July 3, 2019.
             Killed by divine providence
             ... invoked by an orc priest
              (14 damage)
             ... on level 4 of the Dungeon.
             The game lasted 00:04:36 (2873 turns).

Lexodia the Ducker (Centaur Archaeologist)          Turns: 2873, Time: 00:04:36

Health: -1/45      AC:  8    Str: 13    XL:     5   Next: 37%
Magic:  5/5        EV: 11    Int: 13    God:
Gold:   158        SH:  0    Dex:  9    Spells: 4/4 levels left

rFire    . . .     SeeInvis .   r - +0 spear
rCold    . . .     Gourm    .   (no shield)
rNeg     . . .     Faith    .   a - +1 robe
rPois    .         Spirit   .   b - +1 hat
rElec    .         Reflect  .   (no cloak)
rCorr    .         Harm     .   d - +1 pair of gloves
MR       .....                  (no barding)
Stlth    +.........             o - amulet of the acrobat
HPRegen  0.15/turn              (no ring)
MPRegen  0.09/turn              (no ring)

@: studying Dodging, very quick
A: large, hooves 3, deformed body, speed 2, tough skin 3
a: no special abilities


You were on level 4 of the Dungeon.
You were not hungry.

You visited 1 branch of the dungeon, and saw 4 of its levels.

You collected 158 gold pieces.

Inventory:

Hand Weapons
 k - a +0 dagger
 r - a +0 spear (weapon)
Armour
 a - a +1 robe (worn)
 b - a +1 hat (worn)
 c - a +1 robe
 d - a +1 pair of gloves (worn)
Jewellery
 o - an amulet of the acrobat (around neck)
Wands
 x - a wand of random effects (9)
Scrolls
 h - a scroll of remove curse {unknown}
 i - 4 scrolls of identify {unknown}
 l - 2 scrolls of magic mapping {unknown}
 n - a scroll of fog {unknown}
 q - 2 scrolls of enchant weapon {unknown}
 s - a scroll of blinking {unknown}
 w - 2 scrolls of teleportation {unknown}
Potions
 j - a potion of agility {unknown}
 m - 2 potions of heal wounds {unknown}
 p - 2 potions of haste {unknown}
 t - a potion of resistance {unknown}
 v - a potion of curing
Books
 e - a manual of Dodging
Miscellaneous
 f - an ancient crate
Comestibles
 g - 6 rations {!d}


   Skills:
 - Level 3.0 Fighting
 * Level 5.2 Dodging
 - Level 2.0 Stealth


You had 4 spell levels left.
You didn't know any spells.
Your spell library was empty.

Dungeon Overview and Level Annotations

Branches:
Dungeon (4/12)             Temple (0/1) D:4

Altars:
The Shining One

Annotations:
D:4 Grinder, Robin


Innate Abilities, Weirdness & Mutations

You have hooves in place of feet.
Armour fits poorly on your strangely shaped body.
You cover ground very quickly.
You have extremely tough skin. (AC +3)


Message History

You hit the orc priest.
The orc priest is heavily wounded.
The orc priest completely misses you.
An orc comes into view. It is wielding a +0 mace.
You hit the orc priest but do no damage.
You kick the orc priest.
The orc priest is almost dead.
The orc priest closely misses you.
An orc comes into view. It is wielding a +0 dagger.
You barely miss the orc priest.
The orc priest is almost dead.
The orc hits you but does no damage.
The orc priest hits you but does no damage.
You barely miss the orc priest.
The orc priest is almost dead.
The orc priest barely misses you. The orc misses you.
You closely miss the orc. The orc hits you but does no damage.
The orc priest invokes the aid of Beogh against you.
Beogh smites you!
You die...

5..# ..
.# ... #
(.# ####
. ...#...
. #.#..##
. ...o. #
#.o# #.@#
#lo#
#......S.
####.#...
.# # #


You could see an orc priest, 2 orcs and a leopard gecko.

Vanquished Creatures
  Natasha (D:3)
  2 worker ants
  An adder (D:2)
  2 oozes
  2 worms
  4 dart slugs
  A leopard gecko (D:3)
  An orc (D:2)
  A ball python (D:1)
  4 giant cockroaches
  5 goblins
  17 hobgoblins
  7 jackals (D:3)
  7 kobolds
  2 quokkas (D:3)
  6 bats
  2 frilled lizards (D:1)
  10 rats
75 creatures vanquished.

Notes
Turn   | Place    | Note
-------+----------+-------------------------------------------
     0 | D:1      | Lexodia the Centaur Archaeologist began the quest for the
                  | Orb.
     0 | D:1      | Reached XP level 1. HP: 16/16 MP: 1/1
   288 | D:1      | Reached XP level 2. HP: 24/24 MP: 2/2
   890 | D:1      | Reached XP level 3. HP: 31/31 MP: 3/3
  1381 | D:2      | Reached skill level 3 in Dodging
  1480 | D:2      | Reached XP level 4. HP: 36/38 MP: 4/4
  1666 | D:2      | Found a glowing golden altar of the Shining One.
  1845 | D:3      | Reached skill level 4 in Dodging
  1994 | D:3      | Noticed Natasha
  1999 | D:3      | Killed Natasha
  2296 | D:3      | Reached XP level 5. HP: 45/45 MP: 5/5
  2444 | D:4      | Found a staircase to the Ecumenical Temple.
  2444 | D:4      | Noticed Grinder
  2458 | D:3      | Reached skill level 5 in Dodging
  2777 | D:4      | Noticed Robin
  2873 | D:4      | Killed from afar by an orc priest

Skill      XL: |  1  2  3  4  5 |
---------------+----------------+-----
Fighting       | 2 3 |  3.0
Dodging        | 3 4 5 |  5.2
Stealth        | |  2.0

Action                   |  1- 3 |  4- 6 || total
-------------------------+-------+-------++-------
Melee: Unarmed           |   104 |       ||   104
       Kick              |    32 |    27 ||    59
       Dagger            |    83 |       ||    83
       Spear             |    27 |   174 ||   201
  Use: Potion            |       |     2 ||     2
 Stab: Sleeping          |     1 |     1 ||     2
       Distracted        |       |     1 ||     1
  Eat: Chunk             |     1 |     4 ||     5
Armor: Robe              |    78 |    70 ||   148
Dodge: Dodged            |   107 |    98 ||   205
